 Dungeon Crawl Stone Soup version 0.21.1-1-g345015f (webtiles) character file.

217240 wojtek the Tortoise (level 18, -5/168 HPs)
             Began as a Minotaur Fighter on July 1, 2018.
             Was the Champion of Okawaru.
             Killed from afar by a thorn hunter (17 damage)
             ... with a volley of thorns
             ... on level 4 of the Swamp.
             The game lasted 01:27:33 (37246 turns).

wojtek the Tortoise (Minotaur Fighter)             Turns: 37246, Time: 01:27:33

Health: -5/168     AC: 34    Str: 36    XL:     18   Next: 38%
Magic:  0/24       EV: 14    Int:  7    God:    Okawaru [******]
Gold:   1177       SH: 25    Dex:  9    Spells: 17/17 levels left

rFire    + + .     SeeInvis .   a - +3 broad axe "Olittaic" {drain, +Fly MR+}
rCold    + + .     Gourm    .   Q - +2 large shield {rF+}
rNeg     . . .     Faith    .   y - +8 plate armour of Dramatic Exits {Str+3}
rPois    +         Spirit   +   B - +2 hat of the Last Coins {rC+ rCorr Int+2 Stlth+}
rElec    .         Reflect  .   x - scarf {rC+ rF+}
rCorr    +         Harm     .   D - +1 pair of gloves {Str+3}
MR       ++...                  l - +2 pair of boots {run}
Stlth    ..........             H - amulet of guardian spirit
HPRegen  0.38/turn              I - +3 ring of slaying
MPRegen  0.19/turn              J - ring of poison resistance

@: quick
A: retaliatory headbutt, horns 2
}: 1/15 runes: gossamer
a: Heroism, Finesse, Renounce Religion, Evoke Flight


You were on level 4 of the Swamp.
You worshipped Okawaru.
Okawaru was exalted by your worship.
You were not hungry.

You visited 6 branches of the dungeon, and saw 32 of its levels.
You visited 1 bazaar.
You also visited: Labyrinth, Sewer, Ossuary and Volcano.

You collected 3309 gold pieces.
You spent 2132 gold pieces at shops.

Inventory:

Hand Weapons
 a - the +3 broad axe "Olittaic" (weapon) {drain, +Fly MR+}
   (Okawaru gifted it to you on level 9 of the Dungeon)

   A truly terrible weapon, it drains the life of those it strikes.
   It affects your resistance to hostile enchantments.
   It lets you fly.
 b - the +11 long sword of Hatred {slice, Dex+2}
   (You found it on level 7 of the Dungeon)

   It inflicts extra damage upon your enemies.
   It affects your dexterity (+2).
Missiles
 g - 3 poisoned tomahawks
 h - 4 throwing nets (quivered)
 A - 11 javelins
Armour
 l - a +2 pair of boots of running (worn)
 x - a scarf of resistance (worn)
 y - the +8 plate armour of Dramatic Exits (worn) {Str+3}
   (You bought it in a shop on level 1 of the Orcish Mines)

   It affects your strength (+3).
 B - the +2 hat of the Last Coins (worn) {rC+ rCorr Int+2 Stlth+}
   (Okawaru gifted it to you on level 2 of the Orcish Mines)

   It affects your intelligence (+2).
   It protects you from cold.
   It protects you from acid and corrosion.
   It makes you more stealthy.
 D - a +1 pair of gloves of strength (worn)
 Q - a +2 large shield of fire resistance (worn)
 T - the +3 plate armour of Wisdom {rElec rC+ Dex+8 SInv}
   (Okawaru gifted it to you on level 1 of the Spider Nest)

   It affects your dexterity (+8).
   It protects you from cold.
   It insulates you from electricity.
   It lets you see invisible.
Jewellery
 m - an uncursed ring of stealth
 o - a cursed ring of loudness {unknown}
 w - the ring "Dipsebou" {rCorr rC+ Dex+5}
   (You found it in a labyrinth)

   [ring of resist corrosion]

   It affects your dexterity (+5).
   It protects you from cold.
 H - an amulet of guardian spirit (around neck)
 I - a +3 ring of slaying (left hand)
 J - a ring of poison resistance (right hand)
Wands
 s - a wand of digging (19)
 u - a wand of disintegration (20)
 z - a wand of acid (5)
 C - a wand of clouds (3)
 G - a wand of flame (23)
 M - a wand of iceblast (23)
Scrolls
 c - a scroll of silence
 e - 6 scrolls of fear
 i - 12 scrolls of remove curse
 j - 16 scrolls of teleportation
 k - 5 scrolls of identify
 F - 2 scrolls of fog
 P - 2 scrolls of enchant armour
 R - a scroll of summoning
 U - a scroll of holy word
 V - 5 scrolls of blinking
 W - a scroll of amnesia
 X - 3 scrolls of immolation
 Y - 3 scrolls of magic mapping
Potions
 d - 9 potions of might
 p - 6 potions of curing
 q - 6 potions of flight
 r - 2 potions of cancellation
 t - 7 potions of lignification
 E - 3 potions of haste
 K - 4 potions of berserk rage
 L - 3 potions of agility
 N - 4 potions of heal wounds
 S - 4 potions of resistance
 Z - a potion of mutation
Miscellaneous
 v - a lamp of fire
Comestibles
 f - 61 rations


   Skills:
 + Level 16.5 Fighting
 + Level 16.0 Axes
 + Level 16.6 Armour
 + Level 15.1 Dodging
 + Level 16.6 Shields
 - Level 10.4 Invocations
 - Level 8.1 Evocations


You had 17 spell levels left.
You didn't know any spells.

Dungeon Overview and Level Annotations

Branches:
Dungeon (15/15)            Temple (1/1) D:5            Lair (6/6) D:8
  Swamp (4/4) Lair:3       Spider (4/4) Lair:3        Slime (0/5) Lair:6
    Orc (2/2) D:10            Elf (0/3) Orc:2        Vaults (0/5) D:13
 Depths (0/5) D:15

Altars:
Ashenzari
Cheibriados
Dithmenos
Elyvilon
Fedhas
Gozag
Hepliaklqana
Kikubaaqudgha
Makhleb
Nemelex Xobeh
Okawaru
Qazlal
Ru
Sif Muna
Trog
Uskayaw
Vehumet
Wu Jian
Xom
Yredelemnul
Zin
The Shining One
Lugonu

Shops:
D:5 %   D:6 :   Orc:1 **[   Orc:2 %?[!

Annotations:
D:14 exclusion: Roxanne, Roxanne
D:15 lindwurms flight


Innate Abilities, Weirdness & Mutations

You reflexively headbutt those who attack you in melee.
You have a pair of horns on your head.


Message History

You slice one of the seven-headed hydra's heads off!
The six-headed hydra grows two more!
You slice the eight-headed hydra!!
You kill the eight-headed hydra!
Okawaru accepts your kill.
The thorn hunter fires a volley of thorns at you.
The volley of thorns misses you.
You see here a hydra corpse.
You enter the shallow water.
Moving in this stuff is going to be slow.
Thorny briars emerge from the ground!
The thorn hunter fires a volley of thorns at you.
The volley of thorns hits you!
The thorn hunter fires a volley of thorns at you.
The volley of thorns hits you!
* * * LOW HITPOINT WARNING * * *
The thorn hunter hits the briar patch!!
The briar patch is destroyed!
The thorn hunter fires a volley of thorns at you.
The volley of thorns hits you!
You die...

≈≈≈♣♣♣♣♣♣♣ ♣♣≈≈≈≈≈≈≈≈♣♣<
≈≈≈.♣≈≈≈.♣♣♣♣≈≈≈.).≈.♣♣♣♣
♣≈≈≈≈≈≈≈≈....≈[(...♣♣≈≈≈.
♣...≈≈≈≈....≈÷÷≈≈≈.≈..≈≈
#.≈≈.≈≈≈.≈≈≈≈.≈≈≈≈≈♣♣≈≈♣
♣≈≈≈≈≈≈.≈≈≈≈≈..[≈.....≈
#♣≈≈≈≈≈≈.≈≈≈≈.....≈≈≈≈≈.
#.†≈≈§≈≈.≈≈≈≈§♣≈...§≈≈.♣ .
#♣♣≈≈≈...@.≈.≈≈≈♣♣.≈≈...♣♣
#.
#≈PPP≈..≈..≈≈≈.§♣♣♣♣♣§♣♣♣
#. ##♣≈PPfP...♣♣§≈≈≈≈♣ ♣♣♣
≈##.##.≈≈..PP♣♣.≈♣♣♣≈♣♣♣
.≈.≈f≈)♣♣♣≈.♣♣...♣ ≈♣≈♣
.≈♣F♣.♣♣ ♣≈..≈.≈.♣♣. ≈.♣
≈.♣... ♣≈≈♣♣♣♣.♣ .♣
..≈≈≈... ≈≈≈♣ §. ♣
..≈.≈≈.≈.♣≈.♣ .♣♣


You could see a thorn hunter.

Vanquished Creatures
  Nikola (Swamp:1)
  Rupert (Lair:4)
  The ghost of twistedcrescendo the Slayer, an adept MiBe of Trog (Spider:4)
  Frances (Spider:1)
  4 thorn hunters
  Donald (Orc:2)
  8 ghost moths
  Aizul (Swamp:1)
  7 emperor scorpions
  A stone giant (Orc:1)
  The ghost of sking99 the Severer, a journeyman MiFi of Ru (Lair:4)
  5 entropy weavers
  Nessos (D:12)
  The ghost of eyesofgods1 the Severer, a journeyman VSFi of Qazlal (D:15)
  4 spark wasps
  A dire elephant (D:15)
  An ettin (Orc:2)
  A minotaur (Lab)
  A rakshasa (D:15)
  4 vault guards (D:13)
  16 hydras
  2 ghost crabs
  3 centaur warriors (D:15)
  2 catoblepae
  5 alligators
  A death knight (D:15)
  A hell hog (Volcano)
  2 ogre magi (Orc:2)
  A tengu warrior (D:15)
  An orc high priest (Orc:2)
  23 two-headed ogres
  Urug (Lair:2)
  A fire crab (shapeshifter) (D:14)
  A skeletal warrior (D:9)
  2 spriggan druids
  2 deep trolls (Orc:2)
  An unseen horror (D:13)
  4 shambling mangroves
  9 swamp dragons
  4 lindwurms (D:15)
  A phantasmal warrior (D:15)
  35 wolf spiders
  A deep elf mage (D:10)
  2 orc knights
  18 orb spiders
  2 necromancers
  2 orc sorcerers
  9 ugly things
  5 manticores
  6 elephants
  7 cyclopes
  21 spiny frogs
  3 black mambas
  A gargoyle (D:10)
  A torpor snail (Spider:4)
  A kobold demonologist (D:14)
  2 rime drakes
  A yaktaur (D:15)
  10 demonic crawlers
  12 komodo dragons
  A freezing wraith (D:15)
  6 polar bears
  20 jumping spiders
  3 tyrant leeches
  17 trolls
  7 bog bodies
  A dream sheep (Lair:6)
  A raiju (shapeshifter) (D:15)
  Grinder (D:4)
  25 hornets
  Prince Ribbit (D:6)
  16 blink frogs
  6 slime creatures
  9 hippogriffs
  34 tarantellas
  A vampire (D:15)
  4 flying skulls (D:9)
  60 redbacks
  2 water elementals
  5 shadows
  3 wraiths
  21 spriggans
  4 wyverns
  Sigmund (D:4)
  26 yaks
  3 hungry ghosts
  Eustachio (D:6)
  A basilisk (Lair:1)
  A fire bat (Volcano)
  A fire elemental (D:13)
  33 vampire mosquitoes
  Edmund (D:5)
  Menkaure (D:6)
  4 wargs
  18 swamp worms
  7 insubstantial wisps
  A soldier ant (D:14)
  6 water moccasins
  2 hell hounds (Volcano)
  6 porcupines
  29 orc warriors
  6 black bears
  6 swamp drakes (Swamp:4)
  4 ice beasts
  5 sky beasts
  A hornet zombie (D:9)
  A black bear (shapeshifter) (D:13)
  2 phantoms
  28 ogres
  An eye of draining (D:11)
  4 necrophages
  17 wolves
  5 boggarts (Lair:6)
  10 crocodiles
  10 centaurs
  6 big kobolds
  20 bullfrogs
  4 gnoll sergeants
  2 water moccasin zombies
  2 wyvern zombies
  3 scorpions
  A wyvern skeleton (D:13)
  A water moccasin skeleton (D:10)
  16 wights
  7 killer bees
  10 electric eels
  7 crimson imps
  A lava snake (D:13)
  3 centaur zombies
  8 bullfrog zombies
  6 jellies
  12 orc priests
  6 centaur skeletons
  5 hounds
  13 orc wizards
  6 bullfrog skeletons
  An iron imp (D:5)
  4 iguanas
  3 polar bear simulacra (Lair:5)
  9 hell rats
  2 wolf simulacra (Lair:5)
  15 worker ants
  3 yak simulacra (Lair:5)
  A killer bee zombie (D:7)
  2 big kobold zombies (Ossuary)
  4 hound skeletons
  2 mummies (Ossuary)
  A worker ant zombie (D:10)
  18 adders
  5 gnolls (D:10)
  A howler monkey skeleton (D:4)
  7 river rats
  3 shadow imps
  An ooze (Lair:6)
  4 adder zombies
  4 adder skeletons
  3 worms
  2 dart slugs
  7 leopard geckos
  83 orcs
  5 bats
  4 giant cockroaches
  3 gnoll zombies
  8 goblins
  8 hobgoblins
  19 jackals
  11 kobolds
  3 quokkas
  2 ball pythons (D:6)
  3 frilled lizards
  A giant cockroach zombie (D:5)
  8 hobgoblin zombies (Ossuary)
  A jackal skeleton (D:4)
  7 kobold zombies (Ossuary)
  5 orc zombies (Ossuary)
  8 rats
  3 river rat simulacra (Lair:5)
  9 briar patches
  2 fungi
  A plant (Lair:3)
1193 creatures vanquished.

Vanquished Creatures (others)
  2 orb spiders
  A hornet (Swamp:4)
  A spriggan (Swamp:4)
  A tarantella (Spider:4)
  An orc warrior (Orc:2)
  A centaur (Volcano)
  A crimson imp (D:5)
  An orc wizard (Orc:2)
  9 briar patches (Swamp:4)
  8 fungi
  9 plants (Lair:5)
35 creatures vanquished.

Grand Total: 1228 creatures vanquished

Notes
Turn   | Place    | Note
-------+----------+-------------------------------------------
     0 | D:1      | wojtek the Minotaur Fighter began the quest for the Orb.
     0 | D:1      | Reached XP level 1. HP: 19/19 MP: 0/0
   301 | D:1      | Reached XP level 2. HP: 9/26 MP: 1/1
   912 | D:2      | Found a glowing silver altar of Zin.
   918 | D:2      | Reached XP level 3. HP: 24/31 MP: 2/2
  1305 | D:2      | Reached skill level 5 in Axes
  1423 | D:2      | Reached XP level 4. HP: 39/39 MP: 3/3
  1773 | D:3      | Found a shimmering altar of Xom.
  2605 | D:4      | Noticed Grinder
  2605 | D:4      | Noticed a phantom
  2993 | D:4      | Reached XP level 5. HP: 46/46 MP: 4/4
  3071 | D:4      | Killed a phantom
  3071 | D:4      | Reached skill level 1 in Dodging
  3129 | D:4      | Reached XP level 6. HP: 52/52 MP: 5/5
  3326 | D:5      | Entered Level 5 of the Dungeon
  3395 | D:5      | Found Aqit's Food Shop.
  3585 | D:5      | Reached XP level 7. HP: 55/59 MP: 6/6
  3650 | D:5      | Reached skill level 5 in Fighting
  3650 | D:5      | Reached skill level 5 in Armour
  3650 | D:5      | Reached skill level 5 in Shields
  3873 | D:5      | Found a staircase to the Ecumenical Temple.
  3882 | D:5      | Noticed Edmund
  3887 | Temple   | Entered the Ecumenical Temple
  4037 | Temple   | Became a worshipper of Warmaster Okawaru
  4077 | D:5      | Killed Edmund
  4077 | D:5      | Reached skill level 1 in Invocations
  4177 | D:5      | Found a snail-covered altar of Cheibriados.
  4475 | D:4      | Noticed Sigmund
  4484 | D:4      | Killed Sigmund
  4484 | D:4      | Reached * piety under Okawaru
  4484 | D:4      | Reached XP level 8. HP: 63/68 MP: 8/8
  4563 | D:4      | Found an iron altar of Okawaru.
  4803 | D:3      | Found a white marble altar of Elyvilon.
  4803 | D:3      | Found a stormy altar of Qazlal.
  4973 | D:4      | Paralysed by Grinder for 5 turns
  4984 | D:4      | Paralysed by Grinder for 3 turns
  4991 | D:4      | Killed Grinder
  5170 | D:6      | Found a glowing drain.
  5186 | Sewer    | Entered a sewer
  5440 | D:6      | Reached ** piety under Okawaru
  5560 | D:6      | Noticed Menkaure
  5570 | D:6      | Killed Menkaure
  5570 | D:6      | Reached XP level 9. HP: 36/77 MP: 11/11
  5576 | D:6      | Noticed Eustachio
  5619 | D:6      | Killed Eustachio
  5793 | D:6      | Reached *** piety under Okawaru
  5965 | D:6      | Noticed Prince Ribbit
  5978 | D:6      | Killed Prince Ribbit
  5978 | D:6      | Reached skill level 5 in Invocations
  6117 | D:6      | Found Fiureawn's Book Shoppe.
  6325 | D:6      | Reached skill level 5 in Dodging
  6491 | D:7      | Found a sand-covered staircase.
  6512 | Ossuary  | Entered an ossuary
  6715 | Ossuary  | Reached skill level 1 in Evocations
  6899 | D:7      | Reached **** piety under Okawaru
  7128 | D:7      | Reached XP level 10. HP: 69/84 MP: 13/13
  7341 | D:7      | Got an ancient long sword
  7363 | D:7      | Identified the +11 long sword of Hatred {slice, Dex+2} (You found it on level 7 of the Dungeon)
  7515 | D:8      | Found a staircase to the Lair.
  8545 | D:9      | Reached ***** piety under Okawaru
  8578 | D:9      | Received a gift from Okawaru
  8605 | D:9      | Noticed a necromancer
  8605 | D:9      | Got a warped broad axe {god gift}
  8611 | D:9      | Noticed a skeletal warrior
  8611 | D:9      | Killed a necromancer
  8626 | D:9      | Killed a skeletal warrior
  8627 | D:9      | Reached XP level 11. HP: 56/92 MP: 10/15
  8776 | D:9      | Identified the +3 broad axe "Olittaic" {drain, +Fly MR+} (Okawaru gifted it to you on level 9 of the Dungeon)
  9165 | D:9      | Noticed a two-headed ogre
  9172 | D:9      | Killed a two-headed ogre
  9172 | D:9      | Reached skill level 5 in Evocations
  9401 | D:10     | Entered Level 10 of the Dungeon
  9437 | D:10     | Noticed a two-headed ogre
  9438 | D:10     | Noticed a two-headed ogre
  9439 | D:10     | Noticed a two-headed ogre
  9447 | D:10     | Killed a two-headed ogre
  9450 | D:10     | Received a gift from Okawaru
  9471 | D:9      | Killed a two-headed ogre
  9725 | D:9      | Killed a two-headed ogre
  9964 | D:10     | Noticed an orc knight
 10180 | D:9      | Killed an orc knight
 10578 | D:10     | Noticed a two-headed ogre
 10595 | D:9      | Killed a two-headed ogre
 10740 | D:10     | Noticed a deep elf mage
 10751 | D:10     | Killed a deep elf mage
 10751 | D:10     | Reached XP level 12. HP: 64/102 MP: 12/17
 10788 | D:10     | Noticed a two-headed ogre
 10802 | D:10     | Killed a two-headed ogre
 11017 | D:10     | Got a bloodstained hat {god gift}
 11023 | D:10     | Identified the +2 hat of the Lobster {rF++} (Okawaru gifted it to you on level 10 of the Dungeon)
 11198 | D:10     | Found a staircase to the Orcish Mines.
 11299 | D:10     | Received a gift from Okawaru
 12148 | Lair:1   | Entered Level 1 of the Lair of Beasts
 12733 | Lair:2   | Noticed a six-headed hydra
 12739 | Lair:2   | Killed a six-headed hydra
 12771 | Lair:2   | Reached skill level 10 in Invocations
 12950 | Lair:2   | Noticed a catoblepas
 12970 | Lair:2   | Killed a catoblepas
 13049 | Lair:2   | Noticed Urug
 13063 | Lair:2   | Killed Urug
 13075 | Lair:2   | Reached skill level 10 in Armour
 13086 | Lair:2   | Reached skill level 10 in Shields
 13645 | Lair:3   | Reached skill level 10 in Fighting
 13662 | Lair:3   | Found a hole to the Spider Nest.
 13870 | Lair:3   | Got a shimmering chain mail
 13871 | Lair:3   | Identified the cursed +0 chain mail "Suagh" {+Fly rPois rCorr Dex+2} (You found it on level 3 of the Lair of Beasts)
 14012 | Lair:3   | Found a stormy altar of Qazlal.
 14181 | Lair:3   | Noticed a five-headed hydra
 14184 | Lair:3   | Killed a five-headed hydra
 14184 | Lair:3   | Received a gift from Okawaru
 14556 | Lair:3   | Found a staircase to the Swamp.
 14560 | Lair:3   | Reached XP level 13. HP: 92/111 MP: 15/19
 15253 | Lair:4   | Noticed sking99's ghost (journeyman MiFi)
 15280 | Lair:4   | Killed sking99's ghost
 15620 | Lair:4   | Noticed Rupert
 15629 | Lair:4   | Killed Rupert
 16387 | Lair:5   | Reached skill level 10 in Axes
 16410 | Lair:5   | Found a dark tunnel.
 16427 | Volcano  | Entered a volcano
 16567 | Volcano  | Received a gift from Okawaru
 16610 | Volcano  | Got a transparent flail {god gift}
 17171 | Lair:5   | Reached skill level 10 in Dodging
 17996 | Lair:6   | Entered Level 6 of the Lair of Beasts
 18006 | Lair:6   | Found a staircase to the Slime Pits.
 18030 | Lair:6   | Reached XP level 14. HP: 123/123 MP: 20/20
 18950 | Lair:6   | Received a gift from Okawaru
 18990 | Lair:6   | Got a translucent quarterstaff {god gift}
 19044 | Lair:6   | Identified the +5 quarterstaff of Abuse {vamp, +Rage MP+9 Dex+6} (Okawaru gifted it to you on level 6 of the Lair of Beasts)
 21300 | D:12     | Noticed Nessos
 21330 | D:12     | Killed Nessos
 21699 | D:13     | Found a corrupted altar of Lugonu.
 21716 | D:13     | Received a gift from Okawaru
 21813 | D:13     | Found a gate to the Vaults.
 22557 | D:14     | Noticed Roxanne
 22892 | D:14     | Found a flickering gateway to a bazaar.
 22902 | Bazaar   | Entered a bazaar
 22902 | Bazaar   | Found Conoo's Magic Scroll Shop.
 22902 | Bazaar   | Found Geres's Magic Scroll Boutique.
 22930 | Bazaar   | Found Seibos's General Store.
 22942 | Bazaar   | Found Godic's Armour Shoppe.
 22953 | Bazaar   | Found Cuguih's Armour Emporium.
 23016 | Bazaar   | Bought a +2 pair of boots of running for 290 gold pieces
 23037 | Bazaar   | Bought a scroll of enchant weapon for 45 gold pieces
 23037 | Bazaar   | Bought a potion of curing for 18 gold pieces
 23047 | Bazaar   | Bought a scroll of enchant armour for 67 gold pieces
 23047 | Bazaar   | Bought a scroll of teleportation for 27 gold pieces
 23047 | Bazaar   | Bought a scroll of teleportation for 27 gold pieces
 23047 | Bazaar   | Bought a scroll of teleportation for 27 gold pieces
 23047 | Bazaar   | Bought a scroll of identify for 18 gold pieces
 23047 | Bazaar   | Bought a scroll of identify for 18 gold pieces
 23047 | Bazaar   | Bought a scroll of fear for 31 gold pieces
 23061 | Bazaar   | Bought 2 scrolls of magic mapping for 77 gold pieces
 23061 | Bazaar   | Bought a scroll of teleportation for 33 gold pieces
 23061 | Bazaar   | Bought a scroll of teleportation for 33 gold pieces
 23061 | Bazaar   | Bought a scroll of fog for 22 gold pieces
 23061 | Bazaar   | Bought a scroll of identify for 22 gold pieces
 23061 | Bazaar   | Bought a scroll of holy word for 82 gold pieces
 23061 | Bazaar   | Bought a scroll of summoning for 104 gold pieces
 23061 | Bazaar   | Bought a scroll of identify for 22 gold pieces
 23061 | Bazaar   | Bought a scroll of identify for 22 gold pieces
 23101 | Bazaar   | Bought a scroll of immolation for 21 gold pieces
 23111 | Bazaar   | Bought a scroll of torment for 67 gold pieces
 23149 | D:14     | Reached XP level 15. HP: 94/131 MP: 15/21
 23967 | D:15     | Entered Level 15 of the Dungeon
 24184 | D:15     | Reached ****** piety under Okawaru
 24223 | D:15     | Received a gift from Okawaru
 24573 | D:15     | Identified Sif Muna's Catalogue of Destructive Transmutation
 24750 | D:15     | Found a staircase to the Depths.
 24835 | D:15     | Noticed eyesofgods1's ghost (journeyman VSFi)
 24855 | D:15     | Killed eyesofgods1's ghost
 26076 | Orc:1    | Entered Level 1 of the Orcish Mines
 26076 | Orc:1    | Found Deannuar's Assorted Antiques.
 26208 | Orc:1    | Found Hirgh's General Store.
 26372 | Orc:2    | Entered Level 2 of the Orcish Mines
 26387 | Orc:2    | Noticed Donald
 26387 | Orc:2    | Found a labyrinth entrance.
 26399 | Orc:2    | Received a gift from Okawaru
 26406 | Orc:2    | Killed Donald
 26450 | Orc:2    | Received a gift from Okawaru
 26472 | Lab      | Entered a labyrinth
 26811 | Lab      | Got a faintly glowing lapis lazuli ring
 26871 | Orc:2    | Reached XP level 16. HP: 116/143 MP: 22/22
 26936 | Orc:2    | Got a smoking hat {god gift}
 26948 | Orc:2    | Identified the +2 hat of the Last Coins {rC+ rCorr Int+2 Stlth+} (Okawaru gifted it to you on level 2 of the Orcish Mines)
 27030 | Orc:2    | Found Dicehow's Antique Armour Shop.
 27037 | Orc:2    | Found Qamotoepp's Distillery.
 27057 | Orc:2    | Found Gaxtig's Magic Scroll Shoppe.
 27067 | Orc:2    | Found Ucrosex's Food Boutique.
 27071 | Orc:2    | Bought a scroll of magic mapping for 63 gold pieces
 27127 | Orc:2    | Found a staircase to the Elven Halls.
 27592 | Orc:1    | Found Hura's Antique Armour Shoppe.
 27617 | Orc:1    | Bought a steaming plate armour for 924 gold pieces
 27667 | Orc:1    | Identified the ring "Dipsebou" {rCorr rC+ Dex+5} (You found it in a labyrinth)
 27668 | Orc:1    | Identified the +8 plate armour of Dramatic Exits {Str+3} (You bought it in a shop on level 1 of the Orcish Mines)
 27982 | Lair:1   | Identified a scroll of acquirement
 28034 | Spider:1 | Entered Level 1 of the Spider Nest
 28433 | Spider:1 | Noticed Frances
 28445 | Spider:1 | Killed Frances
 28445 | Spider:1 | Received a gift from Okawaru
 28448 | Spider:1 | Got a polished plate armour {god gift}
 28568 | Spider:1 | Paralysed by a Zot trap for 4 turns
 28660 | Spider:1 | You fall through a shaft!
 30053 | Orc:2    | Bought a scroll of identify for 36 gold pieces
 30053 | Orc:2    | Bought a scroll of identify for 36 gold pieces
 30203 | Lair:1   | Identified the +3 plate armour of Wisdom {rElec rC+ Dex+8 SInv} (Okawaru gifted it to you on level 1 of the Spider Nest)
 30775 | Spider:3 | Reached skill level 15 in Armour
 30802 | Spider:3 | Reached skill level 15 in Shields
 30807 | Spider:3 | Received a gift from Okawaru
 30867 | Spider:3 | Reached skill level 15 in Fighting
 31574 | Spider:4 | Entered Level 4 of the Spider Nest
 31598 | Spider:4 | Reached XP level 17. HP: 42/156 MP: 8/23
 32764 | Spider:4 | Noticed twistedcrescendo's ghost (adept MiBe)
 32784 | Spider:4 | Killed twistedcrescendo's ghost
 32784 | Spider:4 | Received a gift from Okawaru
 33187 | Spider:4 | Reached skill level 15 in Axes
 33281 | Spider:4 | Received a gift from Okawaru
 33517 | Spider:4 | Got a gossamer rune of Zot
 33814 | Swamp:1  | Entered Level 1 of the Swamp
 34016 | Swamp:1  | Noticed Aizul
 34160 | Swamp:1  | Killed Aizul
 34552 | Swamp:1  | Noticed Nikola
 34581 | Swamp:1  | Killed Nikola
 35752 | Swamp:3  | Received a gift from Okawaru
 35910 | Swamp:3  | Reached XP level 18. HP: 147/166 MP: 20/24
 36330 | Swamp:4  | Entered Level 4 of the Swamp
 36847 | Swamp:4  | Received a gift from Okawaru
 37016 | Swamp:4  | Reached skill level 15 in Dodging
 37246 | Swamp:4  | Killed from afar by a thorn hunter

Skill      XL: |  1  2  3  4  5  6  7  8  9 10 11 12 13 14 15 16 17 18 |
---------------+-------------------------------------------------------+-----
Axes           | 3 4 5 6 7 8 9 10 12 13 14 15 16 | 16.0
Fighting       | 4 5 6 7 8 9 10 11 12 14 15 16 | 16.5
Armour         | 4 5 6 7 8 9 10 11 13 14 15 16 | 16.6
Dodging        | 1 2 3 4 5 6 7 8 10 11 12 13 14 15 | 15.1
Shields        | 4 5 6 7 8 9 10 11 13 14 15 16 | 16.6
Invocations    | 2 4 6 7 9 10 | 10.4
Evocations     | 2 4 6 8 |  8.1

Action                   |  1- 3 |  4- 6 |  7- 9 | 10-12 | 13-15 | 16-18 || total
-------------------------+-------+-------+-------+-------+-------+-------++-------
Melee: War axe           |    55 |   123 |   401 |    38 |       |       ||   617
       Headbutt          |     2 |    20 |    69 |   112 |   278 |   315 ||   796
       Long sword        |       |       |       |   417 |       |       ||   417
       Broad axe         |       |       |       |    15 |  1253 |  1098 ||  2366
Invok: Heroism           |       |       |       |     1 |     5 |       ||     6
       Finesse           |       |       |       |     1 |     5 |       ||     6
 Abil: Evoke Flight      |       |       |       |       |     1 |     1 ||     2
Evoke: Wand              |       |     3 |     2 |    17 |    20 |     5 ||    47
  Use: Scroll            |       |       |       |     4 |    27 |    11 ||    42
       Potion            |       |       |       |       |       |     3 ||     3
  Eat: Chunk             |     2 |     6 |     9 |    15 |    38 |    24 ||    94
       Ration            |       |       |     1 |     3 |     1 |     3 ||     8
Armor: Scale mail        |    14 |    12 |       |       |       |       ||    26
       Chain mail        |       |    32 |    16 |       |   205 |     1 ||   254
       Plate armour      |       |       |   158 |   254 |   187 |   653 ||  1252
       Crystal plate arm |       |       |       |       |       |     7 ||     7
Dodge: Dodged            |    12 |    25 |    95 |   187 |   335 |   477 ||  1131
Block: Shield            |    20 |    47 |   227 |   361 |    91 |       ||   746
       Large shield      |       |       |       |       |  1169 |  1476 ||  2645
       Rpst.: Long sword |       |       |       |    49 |       |       ||    49
